 Dungeon Crawl Stone Soup version 0.20.1-1-g8b1a95d (console) character file.

241 hilaritas the Scratcher (level 5, -1/21 HPs)
             Began as a Felid Fighter on Sept 29, 2017.
             Was a Follower of Hepliaklqana.
             Slain by a bullfrog (3 damage)
             ... in a sewer.
             The game lasted 00:06:46 (4284 turns).

hilaritas the Scratcher (Felid Fighter)             Turns: 4284, Time: 00:06:46

Health: -1/21      AC:  1    Str: 12    XL:     5   Next: 80%
Magic:  7/7        EV: 19    Int: 10    God:    Hepliaklqana [*.....]
Gold:   115        SH:  0    Dex: 16    Spells: 4/4 levels left
                                        Lives:  0   Deaths: 1

rFire    . . .     SeeInvis +     - Unarmed
rCold    . . .     Gourm    .   (shield unavailable)
rNeg     . . .     Faith    .   (armour unavailable)
rPois    .         Spirit   .   (helmet unavailable)
rElec    .         Reflect  .   (cloak unavailable)
rCorr    .         Harm     .   (gloves unavailable)
MR       .....                  (boots unavailable)
Stlth    +++.......             (no amulet)
Regen    0.1/turn               (no ring)
MPRegen  0.1/turn               (no ring)

@: lethally poisoned (-1 -> -5), quick
A: no armour, no weapons or thrown items, stealth, reduced essence, claws 1,
fangs 3, see invisible, carnivore 3, speed 1, shaggy fur 1, slow metabolism 1,
sharp paws
a: Recall Ancestor, Ancestor Identity, Renounce Religion


You were in a sewer.
You worshipped Hepliaklqana.
Hepliaklqana was aware of your devotion.
You were completely stuffed.

You visited 1 branch of the dungeon, and saw 3 of its levels.
You also visited: Sewer.

You collected 115 gold pieces.

Inventory:

Missiles
 e - 51 arrows
Jewellery
 k - an uncursed ring of positive energy {unknown}
Scrolls
 c - a scroll of random uselessness {unknown}
 d - 2 scrolls of magic mapping {unknown}
 f - 2 scrolls of teleportation {unknown}
 g - a scroll of noise {unknown}
 i - a scroll of recharging {unknown}
 n - 2 scrolls of fog {unknown}
Comestibles
 b - a meat ration
 h - a royal jelly


   Skills:
 - Level 3.0 Fighting
 - Level 4.0 Dodging
 + Level 4.2 Stealth
 * Level 6.4 Unarmed Combat
 * Level 1.5 Invocations


You had 4 spell levels left.
You didn't know any spells.

Dungeon Overview and Level Annotations

Branches:
Dungeon (3/15)

Altars:
Hepliaklqana
Nemelex Xobeh


Innate Abilities, Weirdness & Mutations

You cannot wear armour.
You are incapable of wielding weapons or throwing items.
Your paws allow you to move quietly. (Stealth)
You have sharp claws.
You have razor-sharp teeth.
You have supernaturally acute eyesight. (SInv)
You are carnivorous and can eat meat at any time.
You cover ground quickly.
You are covered in fur. (AC +1)
You have a slow metabolism.
Your sharp claws are effective at attacking unaware monsters.
Your life essence is reduced to manifest your ancestor. (-10% HP)


Message History

The adder completely misses you.
Aethelflaed misses the ball python.
The bullfrog hits you.
Something closely misses Aethelflaed.
You claw the adder! You claw the adder, but do no damage.
The adder is severely wounded.
You feel sick.
The ball python barely misses Aethelflaed.
The ball python bites Aethelflaed.
The adder completely misses you. The bullfrog hits you.
Something misses Aethelflaed.
Aethelflaed barely misses the ball python.
You scratch the adder.
You kill the adder!
The ball python bites Aethelflaed.
The bullfrog barely misses you.
Something hits Aethelflaed!
The ball python bites Aethelflaed.
Aethelflaed is destroyed!
You barely miss the bullfrog. You bite the bullfrog.
The bullfrog is lightly wounded.
You feel sick. The bullfrog misses you. The bullfrog hits you.
* * * LOW HITPOINT WARNING * * *
The bullfrog hits you.
You die...

.....###.R##......#
≈≈÷≈## #..##.≈≈≈≈##
≈≈≈≈≈# #####≈≈≈≈≈≈#
≈÷÷≈≈# #≈≈≈≈≈≈#
÷≈÷≈≈# #≈≈≈≈≈≈#
≈≈†≈≈# #≈≈≈≈≈≈#
≈≈≈≈≈# #≈≈≈≈≈≈#
≈≈≈≈≈# #≈≈≈≈#≈#
≈..≈≈# #≈≈≈#≈≈#
≈≈≈≈≈# #≈≈≈≈.≈#
≈≈≈≈≈# #≈≈≈≈@≈#
≈≈≈≈≈# #≈≈S#FF#
≈≈≈≈≈# #≈≈≈≈#S#
≈≈≈≈≈# #≈≈≈J≈≈#
≈≈≈≈≈# #≈≈≈≈≈≈#
≈≈≈≈≈# #≈≈≈≈≈J#
≈≈≈≈≈# #≈≈≈≈≈≈#
≈≈≈≈.# #.≈≈≈≈##
.....# #......
....## #......
....# +......


You could see 2 bullfrogs, 2 oozes and 2 ball pythons.

Vanquished Creatures
  An orc wizard (D:3)
  Natasha (D:2)
  Robin (D:3)
  7 adders
  4 river rats (Sewer)
  An ooze (Sewer)
  7 worms
  2 leopard geckos (D:2)
  5 orcs (D:3)
  6 ball pythons
  5 giant cockroaches
  8 goblins
  7 hobgoblins
  4 jackals (D:2)
  A bat (D:1)
  3 frilled lizards
  10 kobolds
  26 rats
99 creatures vanquished.

Vanquished Creatures (collateral kills)
  An adder (Sewer)
  2 goblins (D:3)
  3 ball pythons (Sewer)
  10 rats
16 creatures vanquished.

Vanquished Creatures (others)
  3 ancestors
3 creatures vanquished.

Grand Total: 118 creatures vanquished

Notes
Turn   | Place    | Note
-------+----------+-------------------------------------------
     0 | D:1      | hilaritas the Felid Fighter began the quest for the Orb.
     0 | D:1      | Reached XP level 1. HP: 10/10 MP: 2/2
   551 | D:1      | Reached skill level 1 in Stealth
   552 | D:1      | Reached XP level 2. HP: 12/14 MP: 3/3
  1291 | D:2      | Reached XP level 3. HP: 17/17 MP: 4/4
  1583 | D:2      | Reached skill level 5 in Unarmed Combat
  1865 | D:2      | Found a sparkling altar of Nemelex Xobeh.
  1871 | D:2      | Found a hazy altar of Hepliaklqana.
  1877 | D:2      | Became a worshipper of Hepliaklqana the Forgotten
  2120 | D:2      | Reached XP level 4. HP: 18/18 MP: 5/5
  2423 | D:2      | Noticed Natasha
  2433 | D:2      | Killed Natasha
  2614 | D:3      | Noticed Robin
  2640 | D:3      | Slain by a goblin
  2641 | D:3      | Reached XP level 3. HP: 0/15 MP: 4/4
  2748 | D:3      | Reached * piety under Hepliaklqana
  2915 | D:3      | Reached XP level 4. HP: 18/18 MP: 5/5
  2929 | D:3      | Reached skill level 1 in Invocations
  3018 | D:3      | Killed Robin
  3228 | D:3      | Found a glowing drain.
  3244 | D:3      | Reached XP level 5. HP: 10/21 MP: 6/6
  3247 | Sewer    | Entered a sewer
  3423 | Sewer    | Reached skill level 6 in Unarmed Combat
  3868 | Sewer    | HP: 1/21 [river rat (8)]
  4284 | Sewer    | Slain by a bullfrog

Skill      XL: |  1  2  3  4  5 |
---------------+----------------+-----
Stealth        | 1 2 4 |  4.2
Unarmed Combat | 5 6 |  6.4
Invocations    | 1 |  1.5
Fighting       | |  3.0
Dodging        | |  4.0

Action                   |  1- 3 |  4- 6 || total
-------------------------+-------+-------++-------
Melee: Unarmed           |    83 |   182 ||   265
       Bite              |     4 |    11 ||    15
       Punch             |     4 |     5 ||     9
Invok: Ancestor Identity |     1 |       ||     1
  Use: Potion            |       |    12 ||    12
 Stab: Sleeping          |     6 |     4 ||    10
  Eat: Chunk             |    11 |     8 ||    19
Armor: Skin              |     2 |     7 ||     9
Dodge: Dodged            |    56 |   186 ||   242
